 Dungeon Crawl Stone Soup version 0.16.2-12-gd0ad4c3 (webtiles) character file.

448 nexus the Firebug (level 6, -1/46 HPs)
             Began as a Demonspawn Fire Elementalist on Oct 12, 2015.
             Killed from afar by blami's ghost (3 damage)
             ... with a puff of frost
             ... on level 4 of the Dungeon on Oct 13, 2015.
             The game lasted 00:54:34 (4896 turns).

nexus the Firebug (Demonspawn Fire Elementalist)    Turns: 4896, Time: 00:54:34

Health: -1/46      AC: 13    Str:  8    XL:     6   Next: 73%
Magic:  10/13      EV: 17    Int: 19    God:
Gold:   247        SH:  0    Dex: 13    Spells: 4 memorised, 2 levels left

rFire  . . .     SeeInvis .     g - +3 dagger (venom)
rCold  + . .     Clarity  +     d - +2 robe {rC+}
rNeg   + . .     SustAb   .     (no shield)
rPois  .         Gourm    .     E - +2 helmet
rElec  .         Spirit   .     s - +0 cloak
rCorr  .         Warding  .     q - +0 pair of gloves
rMut   .         Stasis   .     (no boots)
MR     .....                    x - amulet of clarity
Stlth  ++........               H - +4 ring of evasion
                                y - ring of positive energy

@: not resistant to hostile enchantments, unstealthy
A: iridescent scales 1, powered by pain 2
a: no special abilities


You were on level 4 of the Dungeon.
You were not hungry.

You visited 1 branch of the dungeon, and saw 5 of its levels.

You collected 247 gold pieces.

Inventory:

Hand weapons
 g - a +3 dagger of venom (weapon)
 l - a +0 blowgun
 o - a +1 mace of protection
 r - a +4 quarterstaff of chaos
 t - a +0 hunting sling of velocity
 B - a +3 mace
Missiles
 f - 7 tomahawks (quivered)
 j - 27 poisoned needles
 k - 77 arrows
 v - 43 bolts
Armour
 d - a +2 robe of cold resistance (worn)
 m - a +0 hat
 q - a +0 pair of gloves (worn)
 s - a +0 cloak (worn)
 E - a +2 helmet (worn)
Jewellery
 x - an amulet of clarity (around neck)
 y - a ring of positive energy (left hand)
 H - a +4 ring of evasion (right hand)
Magical devices
 h - a wand of enslavement (10)
 p - a wand of frost (23)
Scrolls
 e - 4 scrolls of identify
 i - 2 scrolls of teleportation
 z - a scroll of remove curse
 D - a scroll of magic mapping
Potions
 n - a potion of might {unknown}
 w - 3 potions of mutation {unknown}
 C - a potion of restore abilities {unknown}
 F - a potion of ambrosia
Books
 b - a book of Flames

   Spells                             Type                      Level
   a - Flame Tongue                   Conjuration/Fire             1
   b - Throw Flame                    Conjuration/Fire             2
   c - Conjure Flame                  Conjuration/Fire             3
   d - Inner Flame                    Hexes/Fire                   3
   e - Sticky Flame                   Conjuration/Fire             4
   f - Fireball                       Conjuration/Fire             5
Comestibles
 c - a meat ration
 A - 5 fruits
 G - 2 bread rations


   Skills:
 + Level 2.6 Fighting
 + Level 0.3 Short Blades
   Level 0.3 Axes
 + Level 3.3 Dodging
 - Level 1.7 Stealth
 + Level 3.1 Spellcasting
 + Level 3.0 Conjurations
 + Level 0.2 Hexes
 + Level 3.5 Fire Magic
 + Level 2.4 Evocations


You had 2 spell levels left.
You knew the following spells:

 Your Spells              Type           Power        Failure   Level  Hunger
a - Flame Tongue          Conj/Fire      ###..        4%          1    None
b - Throw Flame           Conj/Fire      ###...       8%          2    ##.....
c - Conjure Flame         Conj/Fire      ###.....     12%         3    ###....
d - Inner Flame           Hex/Fire       ##......     21%         3    ###....


Dungeon Overview and Level Annotations

Branches:
Dungeon (5/15)
 Temple: D:4-7

Altars:
Dithmenos
Qazlal
Ru

Shops:
D:4 *

Annotations:
D:4 blami's ghost, average MfIE


Innate Abilities, Weirdness & Mutations

You are partially covered in iridescent scales (AC +4).
You sometimes gain power by taking damage.


Message History

Blami's ghost completely misses you.
You closely miss blami's ghost.
Blami's ghost is heavily damaged.
Blami's ghost points at you and mumbles some strange words.
The flame tongue misses you.
You closely miss blami's ghost.
Blami's ghost is heavily damaged.
Blami's ghost hits you.
* * * LOW HITPOINT WARNING * * *
You barely miss blami's ghost.
Blami's ghost is heavily damaged.
Blami's ghost hits you!
* * * LOW HITPOINT WARNING * * *
You hit blami's ghost.
Blami's ghost is heavily damaged.
Blami's ghost completely misses you.
The ambrosia would have no effect on you.
Blami's ghost casts a spell at you. The puff of frost hits you! You resist.
You die...

### #.###### #.....<# #.######
#.# #.############## #########
##...@.W......... ........#
#...#############
........####...########### ###
...........'...+.........# ..
...........#...#...#####.## # ##
...........#...#.......#..# #. #.
...........#####.......##.###.##.
...........# #............#....
...........#####..........#.#.#..


You could see blami's ghost.

Vanquished Creatures
  A giant frog (D:4)
  A scorpion (D:4)
  Crazy Yiuf (D:2)
  An orc priest (D:3)
  3 orc wizards
  A worker ant (D:5)
  Terence (D:2)
  5 adders
  2 worms (D:3)
  2 giant geckos
  An ooze (D:3)
  12 orcs
  A bat skeleton (D:4)
  4 giant cockroaches
  7 goblins
  9 hobgoblins
  10 jackals (D:1)
  7 kobolds
  4 quokkas
  4 ball pythons
  8 bats
  5 giant newts
  8 rats
98 creatures vanquished.

Notes
Turn   | Place    | Note
--------------------------------------------------------------
     0 | D:1      | nexus, the Demonspawn Fire Elementalist, began the quest for the Orb.
     0 | D:1      | Reached XP level 1. HP: 13/13 MP: 3/3
   554 | D:1      | Gained mutation: You are partially covered in iridescent scales (AC +4). [demonic ancestry]
   554 | D:1      | Reached XP level 2. HP: 19/19 MP: 2/4
   872 | D:1      | Reached skill level 1 in Fighting
   880 | D:1      | Reached XP level 3. HP: 8/26 MP: 0/6
  1096 | D:1      | Learned a level 2 spell: Throw Flame
  1101 | D:1      | Learned a level 3 spell: Conjure Flame
  1517 | D:2      | Noticed Terence
  1582 | D:2      | Killed Terence
  1582 | D:2      | Reached skill level 3 in Fire Magic
  1867 | D:2      | Noticed Crazy Yiuf
  1877 | D:2      | Killed Crazy Yiuf
  1877 | D:2      | Gained mutation: You sometimes gain a little power by taking damage. [demonic ancestry]
  1877 | D:2      | Reached XP level 4. HP: 29/32 MP: 1/8
  2504 | D:3      | Reached skill level 1 in Evocations
  2511 | D:3      | Gained mutation: You sometimes gain power by taking damage. [demonic ancestry]
  2511 | D:3      | Reached XP level 5. HP: 34/38 MP: 3/9
  2699 | D:3      | Learned a level 3 spell: Inner Flame
  3409 | D:3      | Found a sacrificial altar of Ru.
  3744 | D:4      | Reached XP level 6. HP: 44/46 MP: 1/11
  3753 | D:4      | Noticed blami's ghost (average MfIE)
  3768 | D:5      | Entered Level 5 of the Dungeon
  4154 | D:5      | Found a stormy altar of Qazlal.
  4396 | D:4      | Found Laimiv's General Store.
  4600 | D:4      | Found a shadowy altar of Dithmenos.
  4893 | D:4      | HP: 2/46 [blami's ghost (10)]
  4896 | D:4      | Killed from afar by blami's ghost

Action                   |  1- 3 |  4- 6 || total
-------------------------+-------+-------++-------
Melee: Dagger            |    53 |   149 ||   202
 Cast: Flame Tongue      |    27 |       ||    27
       Throw Flame       |    14 |    62 ||    76
       Conjure Flame     |     1 |     2 ||     3
       Inner Flame       |       |     2 ||     2
  Use: Scroll            |     8 |     5 ||    13
       Potion            |     1 |     3 ||     4
 Stab: Sleeping          |     1 |     1 ||     2
  Eat: Chunk             |     4 |     5 ||     9
       Bread ration      |       |     2 ||     2
